 Dungeon Crawl Stone Soup version 0.27-a0-262-gc50aac273e (webtiles) character file.

Game seed: 1223141668266041999

23 Borgoz the Ducker (level 2, 0/25 HPs)
             Began as a Ghoul Gladiator on Feb 5, 2021.
             Killed from afar by a dart slug (7 damage)
             ... with a slug dart
             ... on level 1 of the Dungeon.
             The game lasted 00:00:35 (422 turns).

Borgoz the Ducker (Ghoul Gladiator)                  Turns: 422, Time: 00:00:36

Health: 0/25       AC:  4    Str: 17    XL:     2   Next: 95%
Magic:  1/1        EV: 12    Int:  3    God:
Gold:   41         SH:  0    Dex: 10    Spells: 1/1 levels left

rFire    . . .     SeeInvis .   a - +0 long sword
rCold    + . .     Faith    .   (no shield)
rNeg     + + +     Spirit   .   b - +0 leather armour
rPois    ∞         Reflect  .   c - +0 helmet
rElec    .         Harm     .   (no cloak)
rCorr    .         Rampage  .   (no gloves)
Will     .....                  (no boots)
Stlth    +.........             (no amulet)
HPRegen  0.00/turn              (no ring)
MPRegen  0.07/turn              (no ring)

@: no status effects
A: claws 1, cold resistance 1, negative energy resistance 3, inhibited
regeneration, torment resistance, unbreathing
a: no special abilities


You were on level 1 of the Dungeon.
You visited 1 branch of the dungeon, and saw 1 of its levels.

You collected 41 gold pieces.

Inventory:

Hand Weapons
 a - a +0 long sword (weapon)
Missiles
 d - 3 throwing nets (quivered)
Armour
 b - a +0 leather armour (worn)
 c - a +0 helmet (worn)
Scrolls
 f - a scroll of identify {unknown}
 g - 3 scrolls of magic mapping {unknown}
Potions
 e - a potion of heal wounds {unknown}


   Skills:
 + Level 2.6 Fighting
 + Level 2.9 Long Blades
 - Level 1.7 Throwing
 + Level 0.9 Armour
 + Level 3.0 Dodging


You had one spell level left.
You didn't know any spells.
Your spell library was empty.

Dungeon Overview and Level Annotations

Branches:
Dungeon (1/15)

Altars:


Innate Abilities, Weirdness & Mutations

You thrive by killing the living.
You are immune to poison.
You have sharp fingernails.
Your flesh is cold resistant. (rC+)
You are immune to negative energy. (rN+++)
You do not regenerate when monsters are visible.
You are immune to unholy pain and torment.
You can survive without breathing.


Message History

You miss the frilled lizard. The frilled lizard bites you.
You miss the frilled lizard. The frilled lizard barely misses you.
You slash the frilled lizard!
You kill the frilled lizard!
Your Dodging skill increases to level 3!
You completely miss the goblin. The goblin misses you.
You riposte.
You closely miss the goblin. You completely miss the goblin.
The goblin misses you.
You riposte.
You slash the goblin!
You kill the goblin!
You hit the dart slug.
The dart slug is lightly wounded.
The dart slug launches a dart at you. The slug dart hits you.
* * * LOW HITPOINT WARNING * * *
You hit the dart slug but do no damage.
The dart slug is lightly wounded.
The dart slug launches a dart at you. The slug dart hits you!
You die...

.######.#### ###.........######
.....##....#####...###........##.
...#.............#####.##........
.......................##......##
...(.....#.#.........####.....##
.........#.#...(....#####.....#
.......g.†.....)).............#
.........#g###.#.########.....#
....(....#.# #.#@# #.....###
...........###.#w# #.....##.
...........wg...g## #.....##.
###...............### ###.......
#..........##.#...####...######
#........#..............##
.....##....#...........#
#............##........##
#####..#.#....>.......>.)..


You could see a dart slug and a hobgoblin.

Vanquished Creatures
  A dart slug (D:1)
  2 bats (D:1)
  6 goblins (D:1)
  A hobgoblin (D:1)
  3 kobolds (D:1)
  4 frilled lizards (D:1)
  3 rats (D:1)
20 creatures vanquished.

Notes
Turn   | Place    | Note
-------+----------+-------------------------------------------
     0 | D:1      | Borgoz the Ghoul Gladiator began the quest for the Orb.
     0 | D:1      | Reached XP level 1. HP: 17/17 MP: 0/0
    81 | D:1      | Reached XP level 2. HP: 13/25 MP: 1/1
   419 | D:1      | Reached skill level 3 in Dodging
   422 | D:1      | Killed from afar by a dart slug

Illustrated notes

Levels and vault maps discovered:
D:1:      tarquinn_simple_flora_water_c, layout_rooms

Skill      XL: |  1  2 |
---------------+-------+-----
Dodging        | 3 |  3.0
Fighting       | |  2.6
Long Blades    | |  2.9
Throwing       | |  1.7
Armour         | |  0.9

Action                   || total
-------------------------++-------
Melee: Long sword        ||    56
Armor: Leather armour    ||    14
Dodge: Dodged            ||    43
       Rpst.: Long sword ||    16

Table legend: (Time is in decaauts)
 A = Elapsed time spent in this place.
 B = Non-inter-level travel time spent in this place.
 C = Inter-level travel time spent in this place.
 D = Time resting spent in this place.
 E = Time spent auto-exploring this place.
 F = Levels seen in this place.
 G = Mean time per level.
                   A        B        C        D        E       F      G
               +--------+--------+--------+--------+--------+-----+--------+
         Total |    436 |    436 |      0 |    118 |    199 |   1 |  436.0 |
       Dungeon |    436 |    436 |      0 |    118 |    199 |   1 |  436.0 |
               +--------+--------+--------+--------+--------+-----+--------+

Top non-repeatable levels by time:
     D:1: 436 daAuts
